 Dungeon Crawl Stone Soup version 0.30.0-10-gfe55d96785 (webtiles) character file.

Game seed: 8212794213847141342

2 Gabide the Sneak (level 1, -5/18 HPs)
             Began as a Demigod Delver on May 14, 2023.
             Slain by a wight
             ... wielding a +5 hand axe
              (13 damage)
             ... on level 5 of the Dungeon.
             The game lasted 00:01:12 (75 turns).

Gabide the Sneak (Demigod Delver)                     Turns: 75, Time: 00:01:12

Health: -5/18      AC:  3    Str: 13    XL:     1   Next: 20%
Magic:  3/3        EV: 11    Int: 12    God:
Gold:   8          SH:  0    Dex: 15    Spells: 0/0 levels left

rFire   . . .        a - +0 short sword
rCold   . . .        (no shield)
rNeg    . . .        b - +0 leather armour
rPois   .            (no helmet)
rElec   .            (no cloak)
rCorr   .            (no gloves)
SInv    .            (no boots)
Will    .....        (no amulet)
Stlth   +++          (no ring)
HPRegen 0.23/turn    (no ring)
MPRegen 0.08/turn

%: no passive effects
@: no status effects
A: high MP 1, forlorn, divine attributes
a: no special abilities


You were on level 5 of the Dungeon.
You visited 1 branch of the dungeon, and saw 1 of its levels.

You collected 8 gold pieces.

Inventory:

Hand Weapons
 a - a +0 short sword (weapon)
Armour
 b - a +0 leather armour (worn)
Wands
 g - a wand of digging (3)
Scrolls
 d - a scroll of magic mapping


   Skills:
 - Level 2.6 Fighting
 + Level 2.0 Short Blades
 - Level 1.7 Dodging
 - Level 4.5 Stealth


You couldn't memorise any spells.
You didn't know any spells.
Your spell library was empty.

Dungeon Overview and Level Annotations

Branches:
Dungeon (5/15)
 Temple: D:4-7


Innate Abilities, Weirdness & Mutations

You have an increased reservoir of magic. (+10% MP)
You shall have no god before yourself.
Your divine heritage dramatically boosts your attributes as you level up.


Message History

Found a sling.
A howler monkey comes into view.
Found a trident.
Found 17 gold pieces.
The howler monkey howls!
The howler monkey barely misses you.
The howler monkey hoots and howls with incredible vigour!
You hear an angry hiss.
You hear a shout! x3
Found a leather armour.
Your extra speed is starting to run out.
You see here a +0 trident.
Found 13 gold pieces.
A black bear comes into view.
The black bear growls angrily.
Okay, then.
As you read the scroll of fog, it crumbles to dust.
The scroll dissolves into smoke.
You feel yourself slow down.
A wight comes into view. It is wielding a +0 hand axe.
An orc comes into view. It is wielding a +0 club.
An orc comes into view. It is wielding a +0 hand axe.
Found 11 gold pieces.
The howler monkey hoots and howls with incredible vigour!
You hear a shout! x4
An orc comes into view. It is wielding a +0 whip.
The orc throws a boomerang.
The boomerang barely misses you.
A wight comes into view. It is wielding a +5 hand axe.
The orc throws a boomerang.
The boomerang hits you.
The orc throws a boomerang.
The boomerang completely misses you.
You open the large door.
Found a shimmering altar of Xom.
Found an escape hatch in the floor.
There is a large open door here.
Why would you want to do that? Why would you want to do that?
The howler monkey attacks as you move away!
The howler monkey barely misses you.
The howler monkey attacks as you move away!
The howler monkey hits you. The wight hits you with a +5 hand axe!
Ouch! That really hurt!
You die...

...#..#...#.... #..
...####........ #...
.....###....... #..#
#.o.....#.##. ##...
#.......#.... #.....
.o..###..#.... ......###
.....###......
........##.........####.
######@.o........###...
#≈≈≈≈#hzz........##....
#≈>.§'..z..............
#≈⌠_§'o..h........§...#
#≈≈≈§#.o##.......§z)..#
######..##..§..........
........o.h...§§§..#...
...........##§§§§..#$..
..........####§§§§.....


You could see a black bear, a howler monkey, 3 wights and 4 orcs.

Vanquished Creatures
  An orc (D:5)
1 creature vanquished.

Notes
Turn   | Place    | Note
-------+----------+-------------------------------------------
     0 | D:5      | Gabide the Demigod Delver began the quest for the Orb.
     0 | D:5      | Reached XP level 1. HP: 18/18 MP: 3/3
    14 | D:5      | Noticed a hound
    40 | D:5      | Noticed a wight
    48 | D:5      | Noticed a howler monkey
    60 | D:5      | Noticed a black bear
    64 | D:5      | Noticed a wight
    69 | D:5      | Noticed a wight
    75 | D:5      | Slain by a wight

Illustrated notes

Levels and vault maps discovered:
D:5:      layout_cave_pools, general_overflow_altar, skrybe_limestone_x

Skill      XL: |  1 |
---------------+----+-----
Short Blades   | 2 |  2.0
Fighting       | |  2.6
Dodging        | |  1.7
Stealth        | |  4.5

Action                     || total
---------------------------++-------
  Melee: Short sword       ||     8
    Use: Scroll            ||     2
         Potion            ||     1
   Stab: Fleeing           ||     1
  Dodge: Dodged            ||     7
